 Dungeon Crawl Stone Soup version 0.23-a0-612-gcb482e9 (webtiles) character file.

6 Borgoz the Skirmisher (level 1, 0/20 HPs)
             Began as a Ghoul Abyssal Knight on Dec 21, 2018.
             Was a Follower of Lugonu.
             Slain by a kobold (1 damage)
             ... on level 1 of the Dungeon.
             The game lasted 00:01:09 (201 turns).

Borgoz the Skirmisher (Ghoul Abyssal Knight)         Turns: 201, Time: 00:01:10

Health: 0/20       AC:  5    Str: 15    XL:     1   Next: 90%
Magic:  1/1        EV: 10    Int:  7    God:    Lugonu [*.....]
Gold:   24         SH:  0    Dex:  8    Spells: 0/0 levels left

rFire    . . .     SeeInvis .     - Unarmed
rCold    + . .     Gourm    .   (no shield)
rNeg     + + +     Faith    .   c - +0 ring mail
rPois    ∞         Spirit   .   (no helmet)
rElec    .         Reflect  .   (no cloak)
rCorr    .         Harm     .   (no gloves)
MR       .....                  (no boots)
Stlth    ..........             (no amulet)
HPRegen  0.00/turn              (no ring)
MPRegen  0.07/turn              (no ring)

@: rotting
A: rotting body, claws 1, carnivore, cold resistance 1, negative energy
resistance 3, inhibited regeneration, torment resistance, unbreathing
a: Depart the Abyss, Renounce Religion


You were on level 1 of the Dungeon.
You worshipped Lugonu.
Lugonu was aware of your devotion.
You were not hungry.

You visited 1 branch of the dungeon, and saw 2 of its levels.
You visited the Abyss 1 time.

You collected 24 gold pieces.

Inventory:

Armour
 c - a +0 ring mail (worn)
Scrolls
 d - a scroll of remove curse
Comestibles
 b - a ration


   Skills:
 + Level 3.7 Fighting
 + Level 1.7 Armour
 + Level 0.8 Dodging
 + Level 2.3 Unarmed Combat
 + Level 2.0 Invocations


You couldn't memorise any spells.
You didn't know any spells.
Your spell library was empty.

Dungeon Overview and Level Annotations

Branches:
Dungeon (2/15)

Altars:


Innate Abilities, Weirdness & Mutations

Your body is rotting away.
You thrive on raw meat.
You are immune to poison.
You have sharp fingernails.
You are carnivorous and can eat meat at any time.
Your flesh is cold resistant. (rC+)
You are immune to negative energy. (rN+++)
You do not regenerate when monsters are visible.
You are immune to unholy pain and torment.
You can survive without breathing.


Message History

You kill the kobold!
Lugonu accepts your kill. The kobold closely misses you.
Things that are here:
a +0 dagger; a kobold corpse; a goblin corpse You closely miss the kobold.
The goblin hits you but does no damage. The kobold hits you but does no damage.
You scratch the goblin but do no damage.
The goblin hits you with a +0 club.
* * * LOW HITPOINT WARNING * * *
The kobold barely misses you.
You scratch the goblin.
You kill the goblin!
Lugonu accepts your kill. The kobold barely misses you.
You scratch the kobold.
You kill the kobold!
Lugonu accepts your kill. The kobold hits you.
You die...

### ###.# ....# ### ### ###.#
#.# #.# ###.###.# #.#
#.......# #.# ........# #.#
........## ######)# #.#......#
#.K@...###### ........##
##.##.#......#
.........####.....#.###..#
..#............##..g.....#
...........................
............................
(...........###.........###...
.#...###...## ##.......## #K.
.#.#.......# #.......# ..


You could see a kobold.

Vanquished Creatures
  2 goblins (D:1)
  4 kobolds (D:1)
  A rat (D:1)
7 creatures vanquished.

Notes
Turn   | Place    | Note
-------+----------+-------------------------------------------
     0 | Abyss:1  | Borgoz the Ghoul Abyssal Knight began the quest for the
                  | Orb.
     0 | Abyss:1  | Reached XP level 1. HP: 19/19 MP: 1/1
    78 | Abyss:1  | Noticed a thrashing horror
    79 | Abyss:1  | Noticed a small abomination
    80 | Abyss:1  | Noticed a quasit
    82 | D:1      | Escaped the Abyss
   167 | D:1      | Reached * piety under Lugonu
   201 | D:1      | Slain by a kobold

Vault maps used:
D:1:      minmay_arrival_four_circles

Action                   || total
-------------------------++-------
Melee: Unarmed           ||    23
Invok: Depart the Abyss  ||     1
  Use: Scroll            ||     2
       Potion            ||     1
  Eat: Chunk             ||     1
Armor: Ring mail         ||     8
Dodge: Dodged            ||    18

Table legend:
 A = Non-vault XP
 B = Vault XP
 C = Vault XP percentage of total XP
 D = Non-vault monster count
 E = Vault monster count
 F = Vault count percentage of total count
                 A         B        C        D         E       F
            +---------+---------+-------+---------+---------+-------
      Total |       9 |       0 |   0.0 |       7 |       0 |   0.0
            +---------+---------+-------+---------+---------+-------
        D:1 |       9 |       0 |   0.0 |       7 |       0 |   0.0
            +---------+---------+-------+---------+---------+-------
